 Dungeon Crawl Stone Soup version 0.29.0-4-gdea44cf6ec (webtiles) character file.

Game seed: 11190195491518655153

46 qw the Chopper (level 3, -3/21 HPs)
             Began as a Tengu Warper on Aug 28, 2022.
             Slain by a hobgoblin (4 damage)
             ... on level 3 of the Dungeon.
             The game lasted 00:00:10 (1653 turns).

qw the Chopper (Tengu Warper)                       Turns: 1653, Time: 00:00:11

Health: -3/21      AC:  8    Str: 13    XL:     3   Next: 68%
Magic:  7/7        EV:  6    Int: 13    God:
Gold:   114        SH:  0    Dex: 13    Spells: 6/6 levels left

rFire   . . .      SeeInvis .   Y - +0 hand axe
rCold   . . .      Faith    .   (no shield)
rNeg    . . .      Spirit   .   k - +0 chain mail
rPois   .          Reflect  .   (helmet restricted)
rElec   .          Harm     .   (no cloak)
rCorr   .          Rampage  .   (no gloves)
Will    .....                   (boots unavailable)
Stlth   ..........              (no amulet)
HPRegen 0.07/turn               (no ring)
MPRegen 0.10/turn               (no ring)

@: lethally poisoned (-3 -> -5), weak-willed
A: beak, talons 3
a: no special abilities


You were on level 3 of the Dungeon.
You visited 1 branch of the dungeon, and saw 3 of its levels.

You collected 114 gold pieces.


Innate Abilities, Weirdness & Mutations

You have a beak for a mouth.
You have claws for feet.


   Skills:
 - Level 2.0 Fighting
 + Level 4.3 Axes
 - Level 1.0 Throwing
 - Level 1.1 Armour
 - Level 2.1 Dodging
 - Level 2.0 Spellcasting
 - Level 2.4 Translocations


You had 6 spell levels left.
You didn't know any spells.
Your spell library contained the following spells:

 Spells                   Type           Power      Damage    Failure   Level
 Blink                    Tloc           14%        N/A       99%         2
 Gell's Gravitas          Tloc           7%         N/A       100%        3
 Lesser Beckoning         Tloc           7%         N/A       100%        3
 Teleport Other           Tloc           7%         N/A       100%        3
 Manifold Assault         Tloc           7%         N/A       100%        5

Inventory:

Hand Weapons
 f - a +0 flail
 Y - a +0 hand axe (weapon)
Armour
 k - a +0 chain mail (worn)
Potions
 d - a potion of might {unknown}
 e - a potion of invisibility {unknown}
 g - a potion of flight {unknown}
 j - a potion of attraction {unknown}
 l - a potion of heal wounds {unknown}
 m - a potion of berserk rage {unknown}

Dungeon Overview and Level Annotations

Branches:
Dungeon (3/15)

Altars:


Message History

You hit the hobgoblin but do no damage. You closely miss the kobold.
You barely miss the adder. The adder bites you but does no damage.
The kobold hits you but does no damage.
The hobgoblin hits you but does no damage.
The kobold hits you with a +0 club. The adder bites you.
You are poisoned.
The adder poisons you!
You closely miss the kobold. Your peck misses the kobold.
The kobold is heavily wounded.
You hit the hobgoblin but do no damage. You closely miss the kobold.
You hit the adder.
You feel sick. The adder bites you.
You are more poisoned.
The adder poisons you! The kobold hits you but does no damage.
The hobgoblin hits you. The kobold hits you but does no damage.
You closely miss the kobold.
The kobold is heavily wounded.
You hit the adder. You hit the hobgoblin but do no damage.
You completely miss the kobold.
You feel sick. The adder bites you but does no damage.
The hobgoblin hits you but does no damage.
The kobold closely misses you. The kobold barely misses you.
You hit the kobold. Your kick misses the kobold.
You peck the kobold, but do no damage.
The kobold is severely wounded.
You closely miss the adder. You hit the hobgoblin. You hit the kobold.
You feel sick. The adder bites you but does no damage.
The kobold hits you with a +0 whip. The hobgoblin hits you.
The kobold hits you with a +0 club. The adder bites you but does no damage.
You hit the kobold but do no damage. Your peck misses the kobold.
The kobold is severely wounded.
You closely miss the adder. You closely miss the hobgoblin. You hit the kobold.
You feel sick. The adder bites you but does no damage.
The hobgoblin hits you but does no damage.
The kobold hits you but does no damage. x2
You slash the kobold!
You kill the kobold!
You closely miss the hobgoblin. You barely miss the kobold. You hit the adder.
You feel sick. The adder bites you but does no damage. The hobgoblin hits you.
You die...

. .. ...
....
#######.....
#....K......
#...@S..#
#..)g...#
#.......#
#.......#
##......#
#......#
#......#
#......#


You could see an adder, a hobgoblin and a kobold.

Vanquished Creatures
  3 dart slugs
  4 ball pythons
  2 endoplasms (D:1)
  2 giant cockroaches (D:2)
  4 goblins
  2 hobgoblins (D:2)
  6 kobolds
  3 quokkas
  6 bats
  4 frilled lizards (D:1)
  4 rats
40 creatures vanquished.

Notes
Turn   | Place    | Note
-------+----------+-------------------------------------------
     0 | D:1      | qw the Tengu Warper began the quest for the Orb.
     0 | D:1      | Reached XP level 1. HP: 12/12 MP: 4/4
     0 | D:1      | 0 ||| qw: Version: 0.1-a-89-g26bdef1
     0 | D:1      | 0 ||| qw: Game counter: 2609
     0 | D:1      | 0 ||| qw: Always use a shield: true
     0 | D:1      | 0 ||| qw: God list: Okawaru
     0 | D:1      | 0 ||| qw: Allow faded altars: false
     0 | D:1      | 0 ||| qw: Do Orc after D:15 true
     0 | D:1      | 0 ||| qw: Do second Lair branch before Depths: true
     0 | D:1      | 0 ||| qw: Lair rune preference: random
     0 | D:1      | 0 ||| qw: Plans: Normal
     0 | D:1      | 0 ||| PLANNING D:1-11
   155 | D:1      | 155 ||| Stepping ~*~*~tactically~*~*~ (hiding).
   163 | D:1      | Reached skill level 3 in Axes
   163 | D:1      | Reached XP level 2. HP: 17/17 MP: 6/6
   813 | D:1      | Reached XP level 3. HP: 21/21 MP: 7/7
   869 | D:1      | 869 ||| UPGRADING to +0 ring mail.
   879 | D:1      | 879 ||| DROPPING +0 leather armour.
   880 | D:1      | 880 ||| READING scroll labelled WASCHUR CIEBI.
   881 | D:1      | 881 ||| DROPPING scroll of blinking.
   891 | D:2      | 891 ||| STAIRDANCE
   913 | D:2      | 913 ||| Stepping ~*~*~tactically~*~*~ (stealth).
   914 | D:2      | 914 ||| Stepping ~*~*~tactically~*~*~ (stealth).
  1011 | D:2      | Reached skill level 4 in Axes
  1131 | D:2      | 1131 ||| Stepping ~*~*~tactically~*~*~ (stealth).
  1135 | D:2      | 1135 ||| Stepping ~*~*~tactically~*~*~ (stealth).
  1136 | D:2      | 1136 ||| Stepping ~*~*~tactically~*~*~ (stealth).
  1153 | D:2      | 1153 ||| Stepping ~*~*~tactically~*~*~ (stealth).
  1496 | D:2      | Found a faded altar of an unknown god.
  1605 | D:2      | 1605 ||| UPGRADING to +0 chain mail.
  1615 | D:2      | 1615 ||| DROPPING +0 ring mail.
  1616 | D:2      | 1616 ||| READING scroll labelled ULOWAA HOIDD.
  1617 | D:2      | 1617 ||| READING scroll labelled ANNIRI SORYS.
  1618 | D:2      | 1618 ||| READING scroll labelled UMNUIC OSYD.
  1621 | D:2      | 1621 ||| READING scroll labelled UXUTEI IZXOEKU.
  1644 | D:3      | 1644 ||| STAIRDANCE
  1651 | D:3      | HP: 3/21 [kobold/+0 club (4)]
  1653 | D:3      | HP: 1/21 [poisoned by an adder]
  1653 | D:3      | Slain by a hobgoblin

Levels and vault maps discovered:
D:1:      dpeg_arrival_rhombus, layout_basic, minivault_25,
          chequers_serial_rivers_marsh
D:2:      layout_loops_ring, dreamdust_ecumenical_altar_statues,
          grunt_ministairs_13
D:3:      layout_basic, lemuel_doored_altar, dreamdust_princess_bridge

Skill      XL: |  1  2  3 |
---------------+----------+-----
Axes           | 3 4 |  4.3
Fighting       | |  2.0
Throwing       | |  1.0
Armour         | |  1.1
Dodging        | |  2.1
Spellcasting   | |  2.0
Translocations | |  2.4

Action                   || total
-------------------------++-------
Melee: Hand axe          ||    85
       Kick              ||    25
       Peck              ||    12
       Punch             ||     1
Throw: Boomerang         ||     7
  Use: Scroll            ||     5
Armor: Leather armour    ||    11
       Chain mail        ||    24
       Ring mail         ||    12
Dodge: Dodged            ||    49

Table legend:
 A = Non-vault XP
 B = Vault XP
 C = Vault XP percentage of total XP
 D = Non-vault monster count
 E = Vault monster count
 F = Vault count percentage of total count
                 A         B        C        D         E       F
            +---------+---------+-------+---------+---------+-------
      Total |      66 |       3 |   4.3 |      38 |       2 |   5.0
            +---------+---------+-------+---------+---------+-------
        D:1 |      36 |       2 |   5.3 |      21 |       1 |   4.5
        D:2 |      27 |       1 |   3.6 |      15 |       1 |   6.2
        D:3 |       3 |       0 |   0.0 |       2 |       0 |   0.0
            +---------+---------+-------+---------+---------+-------
